 Dungeon Crawl Stone Soup version 0.30-a0-377-g5cb311bc9f (webtiles) character file.

Game seed: 6081632258658190356

448 PyroL the Grave Robber (level 6, -3/41 HPs)
             Began as a Demonspawn Necromancer on Nov 29, 2022.
             Slain by a phantom (4 damage)
             ... on level 4 of the Dungeon.
             The game lasted 00:08:22 (3248 turns).

PyroL the Grave Robber (Demonspawn Necromancer)     Turns: 3248, Time: 00:08:23

Health: -3/41      AC:  3    Str:  8    XL:     6   Next: 73%
Magic:  13/13      EV: 12    Int: 18    God:
Gold:   219        SH:  0    Dex: 14    Spells: 6/14 levels left

rFire   . . .      SeeInvis .    o - +2 dagger (venom)
rCold   . . .      Faith    .    (no shield)
rNeg    . . .      Spirit   .    a - +0 robe
rPois   .          Reflect  .    (no helmet)
rElec   .          Harm     .    j - +0 cloak
rCorr   .          Rampage  .    (no gloves)
Will    .....                    (no boots)
Stlth   ++........               r - amulet of magic regeneration
HPRegen 0.26/turn                (no ring)
MPRegen 0.53/turn                (no ring)

@: no status effects
A: ignite blood 1
a: no special abilities


You were on level 4 of the Dungeon.
You visited 1 branch of the dungeon, and saw 4 of its levels.

You collected 219 gold pieces.

Inventory:

Hand Weapons
 o - a +2 dagger of venom (weapon)
Armour
 a - a +0 robe (worn)
 j - a +0 cloak (worn)
Jewellery
 r - an amulet of magic regeneration (around neck)
Scrolls
 c - 3 scrolls of teleportation {unknown}
 e - a scroll of torment {unknown}
 g - a scroll of poison {unknown}
 h - a scroll of noise {unknown}
 k - a scroll of magic mapping {unknown}
 m - a scroll of identify {unknown}
 p - a scroll of amnesia {unknown}
 q - a scroll of immolation {unknown}
 s - a scroll of enchant armour {unknown}
Potions
 b - 2 potions of magic
 d - 2 potions of flight {unknown}
 f - a potion of mutation {unknown}
 i - a potion of heal wounds {unknown}
 l - 2 potions of attraction {unknown}
 n - a potion of haste {unknown}
 t - a potion of lignification {unknown}


   Skills:
 - Level 1.7 Dodging
 - Level 1.7 Stealth
 + Level 4.9 Spellcasting
 + Level 7.0 Necromancy


You had 6 spell levels left.
You knew the following spells:

 Your Spells              Type           Power      Damage    Failure   Level
a - Necrotise             Necr           100%       1d9       1%          1
b - Vampiric Draining     Necr           29%        2d8       2%          3
c - Animate Dead          Necr           29%        N/A       8%          4

Your spell library contained the following spells:

 Spells                   Type           Power      Damage    Failure   Level
 Agony                    Necr           29%        N/A       21%         5


Dungeon Overview and Level Annotations

Branches:
Dungeon (4/15)
 Temple: D:4-7

Altars:


Innate Abilities, Weirdness & Mutations

Your demonic aura sometimes causes spilled blood to erupt in flames.


Message History

You hit the phantom. Your punch misses the phantom.
The phantom is heavily damaged.
The phantom hits you.
* * * LOW HITPOINT WARNING * * *
The phantom blinks!
You blink.
You hit the phantom.
The phantom is severely damaged.
The phantom hits you.
* * * LOW HITPOINT WARNING * * *
The phantom blinks!
You blink.
You barely miss the phantom.
The phantom is severely damaged.
The phantom hits you.
* * * LOW HITPOINT WARNING * * *
You hit the phantom but do no damage.
The phantom is severely damaged.
The phantom hits you.
* * * LOW HITPOINT WARNING * * *
The phantom blinks!
You blink.
You miss the phantom.
The phantom is severely damaged.
The phantom closely misses you.
You hit the phantom.
The phantom is severely damaged.
The phantom hits you.
* * * LOW HITPOINT WARNING * * *
You hit the phantom.
The phantom is severely damaged.
The phantom hits you.
* * * LOW HITPOINT WARNING * * *
You hit the phantom.
The phantom is severely damaged.
The phantom hits you.
* * * LOW HITPOINT WARNING * * *
The phantom attacks as you move away! The phantom misses you.
Casting: Vampiric Draining (dangerous; 2% risk of failure)
Confirm with . or Enter, or press ? or * to list all spells.
Okay, then.
The phantom attacks as you move away! The phantom hits you.
You die...

##...### #. #
##....### #. ##.#
##..#..##. #. #..#
#..##..#.. #. #..#
#..###.... #.
##..###..###....
###.##.Z..##).####...
#....W.##.....#######
#...@.....)..##
#...........##
#.......?..##
############


You could see a phantom (ally target) and a friendly kobold brigand zombie.

Vanquished Creatures
  A kobold brigand (D:4)
  A vampire bat (D:3)
  Jessica (D:2)
  Natasha (thrice) (D:2)
  3 orc wizards
  An adder (D:2)
  2 worms
  A dart slug (D:2)
  3 fire bats (D:3)
  6 orcs
  2 spectral bats (D:3)
  13 bats
  3 bat skeletons (D:3)
  A bat zombie (D:3)
  11 endoplasms
  3 giant cockroaches
  A goblin (D:2)
  4 hobgoblins
  A jackal (D:1)
  3 kobolds
  A quokka (D:1)
  7 ball pythons
  A bat simulacrum (D:3)
  A frilled lizard (D:2)
  3 rats
77 creatures vanquished.

Vanquished Creatures (collateral kills)
  An endoplasm (D:3)
  2 goblins
  A hobgoblin (D:1)
  2 jackals (D:1)
6 creatures vanquished.

Vanquished Creatures (others)
  3 orc zombies
  An endoplasm zombie (D:3)
  A goblin zombie (D:3)
5 creatures vanquished.

Grand Total: 88 creatures vanquished

Notes
Turn   | Place    | Note
-------+----------+-------------------------------------------
     0 | D:1      | PyroL the Demonspawn Necromancer began the quest for the
                  | Orb.
     0 | D:1      | Reached XP level 1. HP: 13/13 MP: 3/3
   145 | D:1      | Gained mutation: Your demonic aura sometimes causes spilled
                  | blood to erupt in flames. [demonic ancestry]
   145 | D:1      | Reached XP level 2. HP: 17/19 MP: 0/5
   964 | D:2      | Reached skill level 5 in Necromancy
   964 | D:2      | Reached XP level 3. HP: 12/24 MP: 1/7
  1351 | D:2      | Noticed Jessica
  1361 | D:2      | Killed Jessica
  1362 | D:2      | Reached XP level 4. HP: 22/30 MP: 2/8
  1366 | D:2      | Learned a level 3 spell: Vampiric Draining
  1371 | D:2      | Learned a level 4 spell: Animate Dead
  1434 | D:2      | Noticed Natasha
  1441 | D:2      | Killed Natasha
  1614 | D:2      | Noticed Natasha
  1624 | D:2      | Killed Natasha
  1758 | D:2      | Noticed Natasha
  1765 | D:2      | Killed Natasha
  1766 | D:2      | Reached XP level 5. HP: 31/35 MP: 5/10
  2240 | D:3      | Reached skill level 6 in Necromancy
  2490 | D:3      | Reached XP level 6. HP: 2/41 MP: 12/12
  3192 | D:4      | Reached skill level 7 in Necromancy
  3246 | D:4      | HP: 1/41 [phantom (4)]
  3248 | D:4      | Slain by a phantom

Illustrated notes

Levels and vault maps discovered:
D:1:      mrwooster_arrival_statue, layout_basic, minivault_23
D:2:      layout_loops_cross, minivault_14, uniq_jessica, uniq_natasha
D:3:      layout_loops_ring, nicolae_kite_square_tiling_tiny,
          chequers_serial_rivers_room_a, goddamned_bats
D:4:      layout_rooms, hangedman_glass_teeth, lexackson_kobold_supper,
          uniq_edmund

Skill      XL: |  1  2  3  4  5  6 |
---------------+-------------------+-----
Necromancy     | 5 6 7 |  7.0
Spellcasting   | 3 4 |  4.9
Dodging        | |  1.7
Stealth        | |  1.7

Action                   |  1- 3 |  4- 6 || total
-------------------------+-------+-------++-------
Melee: Unarmed           |     7 |       ||     7
       Short sword       |    21 |    16 ||    37
       Dagger            |       |   109 ||   109
 Cast: Necrotise         |    63 |    43 ||   106
       Animate Dead      |       |     2 ||     2
       Vampiric Draining |       |     1 ||     1
 Stab: Sleeping          |       |     2 ||     2
Armor: Robe              |     8 |    61 ||    69
Dodge: Dodged            |    31 |   148 ||   179

Table legend: (Time is in decaauts)
 A = Elapsed time spent in this place.
 B = Non-inter-level travel time spent in this place.
 C = Inter-level travel time spent in this place.
 D = Time resting spent in this place.
 E = Time spent auto-exploring this place.
 F = Levels seen in this place.
 G = Mean time per level.
                   A        B        C        D        E       F      G
               +--------+--------+--------+--------+--------+-----+--------+
         Total |   3263 |   3187 |     76 |    284 |   2282 |   4 |  815.8 |
       Dungeon |   3263 |   3187 |     76 |    284 |   2282 |   4 |  815.8 |
               +--------+--------+--------+--------+--------+-----+--------+

Top non-repeatable levels by time:
     D:2: 1104 daAuts
     D:3: 1029 daAuts
     D:1: 907 daAuts
     D:4: 221 daAuts
